 Dungeon Crawl Stone Soup version 0.19.1-1-g22dce08 (webtiles) character file.

105 Colliwobble the Slasher (level 4, 0/33 HPs)
             Began as a Demonspawn Gladiator on Jan 1, 2017.
             Was a Follower of Qazlal.
             Killed by nerve-wracking pain
             ... invoked by an orc priest
              (13 damage)
             ... on level 3 of the Dungeon.
             The game lasted 00:05:47 (2600 turns).

Colliwobble the Slasher (Demonspawn Gladiator)      Turns: 2600, Time: 00:05:47

Health: 0/33       AC:  5    Str: 16    XL:     4   Next: 53%
Magic:  0/4        EV: 12    Int: 10    God:    Qazlal [*.....]
Gold:   78         SH:  1    Dex: 13    Spells: 0 memorised, 3 levels left

rFire  . . .     SeeInvis .     a - +0 long sword
rCold  . . .     Gourm    .     b - +0 leather armour
rNeg   . . .     Faith    .     (no shield)
rPois  .         Spirit   +     c - +0 helmet
rElec  .         Reflect  .     (no cloak)
rCorr  .         Harm     .     q - +0 pair of gloves
MR     .....                    (no boots)
Stlth  +.........               (no amulet)
                                (no ring)
                                (no ring)

@: no status effects
A: magic shield
a: Renounce Religion


You were on level 3 of the Dungeon.
You worshipped Qazlal.
Qazlal was aware of your devotion.
You were hungry.

You visited 1 branch of the dungeon, and saw 3 of its levels.

You collected 78 gold pieces.

Inventory:

Hand Weapons
 a - a +0 long sword (weapon)
Missiles
 d - 2 throwing nets (quivered)
Armour
 b - a +0 leather armour (worn)
 c - a +0 helmet (worn)
 q - a +0 pair of gloves (worn)
Jewellery
 m - a cursed amulet of inaccuracy {unknown}
Wands
 r - a wand of acid (8/15)
 s - a wand of enslavement (14/24)
 t - a wand of digging (9/24)
Scrolls
 e - a scroll of enchant weapon {unknown}
 j - a scroll of random uselessness {unknown}
 k - 2 scrolls of fog {unknown}
 l - a scroll of amnesia {unknown}
 n - a scroll of teleportation {unknown}
 o - a scroll of identify {unknown}
 p - a scroll of fear {unknown}
Potions
 g - a potion of berserk rage {unknown}
 i - a potion of flight {unknown}
Comestibles
 f - 5 bread rations


   Skills:
 - Level 2.0 Fighting
 + Level 4.8 Long Blades
 - Level 1.7 Throwing
 - Level 2.6 Dodging


You had 3 spell levels left.
You didn't know any spells.

Dungeon Overview and Level Annotations

Branches:
Dungeon (3/15)

Altars:
Qazlal
Sif Muna


Innate Abilities, Weirdness & Mutations

When hurt, damage is shared between your health and your magic reserves.


Message History

The orc priest hits you with a war axe!
You hit the orc priest.
The orc priest is severely wounded.
The orc priest barely misses you.
You barely miss the orc priest.
The orc priest is severely wounded.
The orc priest mumbles some strange prayers to Beogh against you.
Beogh smites you!
You hit the orc priest but do no damage.
The orc priest is severely wounded.
The orc priest barely misses you.
You are feeling hungry.
You hit the orc priest.
The orc priest is severely wounded.
The orc priest hits you with a war axe.
You barely miss the orc priest.
The orc priest is severely wounded.
The orc priest invokes the aid of Beogh against you.
Pain shoots through your body!
You die...

##.# #.........
##w#
######.รท.######
#.# #..........#
#.# #........#.#
#.# ##........#.#
##.#
#.........#.#
...#
#.......###.##
####
#.##.....<...#
#.......@....#
#.....#o##.?.#
#......).##......
#...[....# .#####
##.##.##.# .# #..
#. .. # ## .## ..
..


You could see an orc priest.

Vanquished Creatures
  An orc wizard (D:3)
  2 adders (D:2)
  2 worms (D:3)
  A dart slug (D:2)
  A leopard gecko (D:1)
  5 orcs
  A ball python (D:2)
  A giant cockroach (D:2)
  2 goblins
  8 hobgoblins
  A kobold (D:2)
  8 bats
  5 frilled lizards
  7 rats
45 creatures vanquished.

Notes
Turn   | Place    | Note
-------+----------+-------------------------------------------
     0 | D:1      | Colliwobble the Demonspawn Gladiator began the quest for the Orb.
     0 | D:1      | Reached XP level 1. HP: 16/16 MP: 1/1
    66 | D:1      | Reached skill level 3 in Long Blades
   336 | D:1      | Gained mutation: When hurt, damage is shared between your health and your magic reserves. [demonic ancestry]
   336 | D:1      | Reached XP level 2. HP: 17/22 MP: 2/2
  1068 | D:2      | Reached XP level 3. HP: 19/27 MP: 3/3
  1096 | D:2      | Reached skill level 4 in Long Blades
  1270 | D:2      | Found a stormy altar of Qazlal.
  1278 | D:2      | Became a worshipper of Qazlal Stormbringer
  1686 | D:2      | Found a deep blue altar of Sif Muna.
  2149 | D:2      | Reached * piety under Qazlal
  2236 | D:3      | Reached XP level 4. HP: 23/33 MP: 2/4
  2600 | D:3      | Killed from afar by an orc priest

Skill      XL: |  1  2  3 |
---------------+----------+-----
Long Blades    | 3 4 |  4.8
Fighting       | |  2.0
Throwing       | |  1.7
Dodging        | |  2.6

Action                   |  1- 3 |  4- 6 || total
-------------------------+-------+-------++-------
Melee: Long sword        |   107 |    25 ||   132
Throw: Throwing net      |     1 |       ||     1
 Stab: Sleeping          |     2 |       ||     2
  Eat: Chunk             |     4 |     1 ||     5
Armor: Leather armour    |    33 |     5 ||    38
Dodge: Dodged            |    80 |    15 ||    95
       Rpst.: Long sword |    30 |     6 ||    36
